 Dungeon Crawl Stone Soup version 0.21.1-1-g345015fe64 (webtiles) character file.

172 Holzbalken the Slasher (level 5, 0/38 HPs)
             Began as a Vampire Gladiator on July 9, 2018.
             Slain by error's ghost (2 damage)
             ... on level 3 of the Dungeon.
             The game lasted 00:13:15 (2765 turns).

Holzbalken the Slasher (Vampire Gladiator)          Turns: 2765, Time: 00:13:15

Health: 0/38       AC:  5    Str: 13    XL:     5   Next: 27%
Magic:  5/5        EV: 13    Int: 11    God:
Gold:   95         SH:  0    Dex: 16    Spells: 4/4 levels left

rFire    . . .     SeeInvis +   a - +0 long sword
rCold    . . .     Gourm    .   (no shield)
rNeg     + . .     Faith    .   b - +0 leather armour
rPois    .         Spirit   .   (helmet restricted)
rElec    .         Reflect  .   (no cloak)
rCorr    .         Harm     .   (no gloves)
MR       .....                  (no boots)
Stlth    +.........             (no amulet)
HPRegen  0.12/turn              (no ring)
MPRegen  0.09/turn              (no ring)

@: no status effects
A: fangs 3, horns 1, talons 1, thin metallic scales 1, see invisible,
unbreathing
a: Bat Form


You were on level 3 of the Dungeon.
You were not thirsty.

You visited 1 branch of the dungeon, and saw 3 of its levels.

You collected 95 gold pieces.

Inventory:

Hand Weapons
 a - a +0 long sword (weapon)
Missiles
 d - 3 throwing nets (quivered)
Armour
 b - a +0 leather armour (worn)
 c - a +0 helmet
Scrolls
 f - a scroll of amnesia {unknown}
 g - a scroll of enchant armour {unknown}
 h - 5 scrolls of remove curse {unknown}
 i - a scroll of teleportation {unknown}
 j - a scroll of magic mapping {unknown}
 m - a scroll of fog {unknown}
 p - a scroll of immolation {unknown}
Potions
 e - 27 potions of blood
 k - a potion of resistance {unknown}
 l - a potion of haste {unknown}
 n - a potion of curing {unknown}
 o - a potion of mutation


   Skills:
 - Level 1.7 Fighting
 + Level 6.0 Long Blades
 - Level 1.5 Throwing
 - Level 3.2 Dodging


You had 4 spell levels left.
You didn't know any spells.

Dungeon Overview and Level Annotations

Branches:
Dungeon (3/15)

Altars:

Annotations:
D:3 error's ghost, amateur OpSu


Innate Abilities, Weirdness & Mutations

You have razor-sharp teeth.
You have supernaturally acute eyesight. (SInv)
You can survive without breathing.
You have a pair of small horns on your head.
You have sharp toenails.
You are partially covered in thin metallic scales. (AC +2)


Message History

Thin metallic scales grow over part of your body.
A pair of horns grows on your head!
Your +0 helmet falls away!
Error's ghost hits you.
* * * LOW HITPOINT WARNING * * *
You closely miss error's ghost. Your kick misses error's ghost.
Error's ghost is severely damaged.
Error's ghost hits you.
* * * LOW HITPOINT WARNING * * *
Error's ghost hits you.
* * * LOW HITPOINT WARNING * * *
You closely miss error's ghost. Your kick misses error's ghost.
Your headbutt misses error's ghost.
Error's ghost is severely damaged.
Error's ghost barely misses you.
You riposte.
You miss error's ghost. Your headbutt misses error's ghost.
Your bite misses error's ghost.
Error's ghost is severely damaged.
You hit error's ghost. You headbutt error's ghost.
Error's ghost is almost destroyed.
Error's ghost hits you.
You die...

. #..........######...## ..
#..........##...'.<..# (..
#...............#....#
....##...............#....######
.....'........r......'..........
....##......Wr.......#....######
.......W....#####..###....#
..####..#########r.# #....# #
##........@Wr.# #....# #
#..########.## #....# # ##.# #.#
#....# # #####'###
###+#######'###### #.......#
#...............## +.......#
#...............## #.......#
#...............## #######.#
#..(............'' #.##
#...............##


You could see error's ghost, a quokka and a rat.

Vanquished Creatures
  A hound (D:3)
  An orc priest (D:3)
  4 adders
  4 dart slugs
  3 orcs (D:3)
  4 bats
  7 giant cockroaches
  7 goblins
  5 hobgoblins
  2 jackals (D:1)
  9 kobolds
  2 quokkas (D:3)
  3 ball pythons
  4 frilled lizards (D:1)
  13 rats
69 creatures vanquished.

Notes
Turn   | Place    | Note
-------+----------+-------------------------------------------
     0 | D:1      | Holzbalken the Vampire Gladiator began the quest for the Orb.
     0 | D:1      | Reached XP level 1. HP: 16/16 MP: 1/1
   186 | D:1      | Reached XP level 2. HP: 13/22 MP: 2/2
   396 | D:1      | Reached skill level 4 in Long Blades
   939 | D:2      | Reached XP level 3. HP: 27/27 MP: 3/3
  1480 | D:2      | Reached XP level 4. HP: 30/33 MP: 4/4
  1578 | D:2      | Reached skill level 5 in Long Blades
  2166 | D:3      | Noticed error's ghost (amateur OpSu)
  2381 | D:3      | Reached XP level 5. HP: 38/38 MP: 5/5
  2429 | D:3      | Reached skill level 6 in Long Blades
  2762 | D:3      | Gained mutation: You have sharp toenails. [potion of mutation]
  2762 | D:3      | Gained mutation: You are partially covered in thin metallic scales. (AC +2) [potion of mutation]
  2762 | D:3      | Gained mutation: You have a pair of small horns on your head. [potion of mutation]
  2765 | D:3      | Slain by error's ghost

Skill      XL: |  1  2  3  4  5 |
---------------+----------------+-----
Long Blades    | 4 5 6 |  6.0
Fighting       | |  1.7
Throwing       | |  1.5
Dodging        | |  3.2

Action                   |  1- 3 |  4- 6 || total
-------------------------+-------+-------++-------
Melee: Long sword        |    92 |    91 ||   183
       Bite              |     9 |    13 ||    22
       Headbutt          |       |     1 ||     1
  Use: Potion            |       |     5 ||     5
 Stab: Sleeping          |     2 |     3 ||     5
Armor: Leather armour    |    18 |    21 ||    39
Dodge: Dodged            |    74 |    70 ||   144
       Rpst.: Long sword |    23 |    23 ||    46
